 Dungeon Crawl Stone Soup version 0.30-a0-757-ga6a79fd877 (webtiles) character file.

Game seed: 6909798573440529828

101 sircluck the Shield-Bearer (level 4, -3/44 HPs)
             Began as a Troll Fighter on Feb 9, 2023.
             Succumbed to an orc's poison
             ... on level 3 of the Dungeon.
             The game lasted 00:02:27 (1689 turns).

sircluck the Shield-Bearer (Troll Fighter)          Turns: 1689, Time: 00:02:27

Health: -3/44      AC:  4    Str: 26    XL:     4   Next: 48%
Magic:  3/3        EV:  8    Int:  4    God:
Gold:   146        SH:  7    Dex:  9    Spells: 3/3 levels left

rFire   . . .      SeeInvis .      - Unarmed
rCold   . . .      Faith    .    b - +0 kite shield
rNeg    . . .      Spirit   .    a - +0 robe
rPois   .          Reflect  .    (helmet restricted)
rElec   .          Harm     .    (no cloak)
rCorr   .          Rampage  .    (gloves unavailable)
Will    .....                    (boots unavailable)
Stlth   +                        (no amulet)
HPRegen 1.07/turn                (no ring)
MPRegen 0.08/turn                (no ring)

@: lethally poisoned (-3 -> -22), flying
A: large, unfitting armour, claws 3, regeneration 1, shaggy fur 1, tough skin 1
a: no special abilities


You were on level 3 of the Dungeon.
You visited 1 branch of the dungeon, and saw 3 of its levels.

You collected 146 gold pieces.

Inventory:

Hand Weapons
 i - a +2 dagger of holy wrath
Missiles
 g - 26 stones (quivered)
 j - a throwing net
 l - 2 javelins
Armour
 a - a +0 robe (worn)
 b - a +0 kite shield (worn)
Jewellery
 n - an amulet of regeneration
 o - a ring of protection from fire
Scrolls
 e - 2 scrolls of identify {unknown}
 f - 3 scrolls of immolation {unknown}
 h - 2 scrolls of enchant weapon {unknown}
 p - a scroll of teleportation {unknown}
 r - a scroll of fog {unknown}
Potions
 c - a potion of might
 d - a potion of haste {unknown}
 m - a potion of curing {unknown}
 q - a potion of ambrosia {unknown}


   Skills:
 + Level 2.9 Fighting
 + Level 2.8 Dodging
 + Level 1.1 Stealth
 + Level 3.0 Shields
 + Level 2.8 Unarmed Combat


You had 3 spell levels left.
You didn't know any spells.
Your spell library contained the following spells:

 Spells                   Type           Power      Damage    Failure   Level
 Sandblast                Erth           0%         2d4       80%         1
 Passwall                 Tmut/Erth      0%         N/A       90%         2
 Stone Arrow              Conj/Erth      0%         3d7       99%         3


Dungeon Overview and Level Annotations

Branches:
Dungeon (3/15)

Altars:
Kikubaaqudgha
Okawaru
Qazlal

Annotations:
D:3 Terence


Innate Abilities, Weirdness & Mutations

You are too large for most types of armour.
You have claws for hands.
Your natural rate of healing is unusually fast.
You are covered in fur. (AC +1)
You have tough skin. (AC +1)


Message History

A kobold comes into view. It is wielding a +0 short sword.
The kobold shouts!
You claw the orc!
You kill the orc!
You feel very sick.
The dart slug bites you but does no damage.
You block the orc's attack.
You closely miss Terence.
You feel sick. Terence hits you with a +0 hand axe.
The orc hits you with a +3 dagger of venom.
You are more poisoned.
The dart slug bites you.
You barely miss Terence.
You feel very sick. Terence barely misses you.
The orc hits you with a +3 dagger of venom.
You are more poisoned.
You are too injured to fight recklessly!
You are too injured to fight recklessly!
You are too injured to fight recklessly!
You are too injured to fight recklessly!
You are too injured to fight recklessly!
You are too injured to fight recklessly!
You are too injured to fight recklessly!
You are too injured to fight recklessly!
You are too injured to fight recklessly!
You are too injured to fight recklessly!
You are too injured to fight recklessly!
Terence attacks as you move away! Terence hits you with a +0 hand axe.
* * * LOW HITPOINT WARNING * * *
x2 You feel very sick.
The dart slug launches a dart at you. The slug dart hits you.
* * * LOW HITPOINT WARNING * * *
The orc hits you with a +3 dagger of venom.
* * * LOW HITPOINT WARNING * * *
You are more poisoned.
It was a potion of flight.
You feel very buoyant.
You fly up into the air.
You die...

......≈.##.......
#§§.≈≈≈≈≈.≈..##...... ###
#§§.≈.....≈...#......
...##.§§≈._.≈.≈..).......
......≈.≈...≈§≈..#.......
......≈.≈≈≈≈§§≈.##.......
......≈...§..§§§.........
......≈≈.§≈≈≈≈≈.##.......
.....Ko@@§......###......
..#...wo..#########......
#...##.#### #......#.#
#.. #. #......#.# # .#
#####....<...# .. ..
#............# ... #.#
#.###......... ###.
#..##.##....[.....
###....##.######...


You could see Terence, an orc wizard, a dart slug, an orc and a kobold.

Vanquished Creatures
  Natasha (D:3)
  2 adders (D:2)
  8 orcs
  8 bats
  6 endoplasms
  4 goblins
  3 hobgoblins (D:1)
  A quokka (D:2)
  3 ball pythons
  2 frilled lizards
  8 kobolds
  4 rats
50 creatures vanquished.

Notes
Turn   | Place    | Note
-------+----------+-------------------------------------------
     0 | D:1      | sircluck the Troll Fighter began the quest for the Orb.
     0 | D:1      | Reached XP level 1. HP: 22/22 MP: 0/0
   145 | D:1      | Reached XP level 2. HP: 29/29 MP: 1/1
   832 | D:2      | Reached XP level 3. HP: 33/36 MP: 2/2
   939 | D:2      | Reached skill level 1 in Stealth
  1479 | D:3      | Noticed Natasha
  1491 | D:3      | Reached XP level 4. HP: 29/44 MP: 3/3
  1493 | D:3      | Killed Natasha
  1494 | D:3      | Reached skill level 3 in Shields
  1571 | D:3      | Found a stormy altar of Qazlal.
  1647 | D:3      | Found an ancient bone altar of Kikubaaqudgha.
  1652 | D:3      | Found an iron altar of Okawaru.
  1681 | D:3      | Noticed Terence
  1689 | D:3      | Succumbed to an orc's poison

Illustrated notes

Levels and vault maps discovered:
D:1:      beargit_arrival_greenhouse, layout_loops_ring, chequers_avenue
D:2:      layout_basic
D:3:      layout_rooms, mainiacjoe_overflow_big_doors,
          mainiacjoe_overflow_concentric_impassable, uniq_terence,
          uniq_crazy_yiuf_cottage, uniq_natasha

Skill      XL: |  1  2  3  4 |
---------------+-------------+-----
Stealth        | 1 |  1.1
Shields        | 3 |  3.0
Fighting       | |  2.9
Dodging        | |  2.8
Unarmed Combat | |  2.8

Action                     |  1- 3 |  4- 6 || total
---------------------------+-------+-------++-------
  Melee: Unarmed           |    99 |    14 ||   113
  Throw: Stone             |     4 |       ||     4
    Use: Potion            |       |     1 ||     1
   Stab: Sleeping          |     4 |       ||     4
 Armour: Robe              |    26 |     2 ||    28
  Dodge: Dodged            |    26 |     6 ||    32
  Block: Kite shield       |    26 |     6 ||    32

Table legend: (Time is in decaauts)
 A = Elapsed time spent in this place.
 B = Non-inter-level travel time spent in this place.
 C = Inter-level travel time spent in this place.
 D = Time resting spent in this place.
 E = Time spent auto-exploring this place.
 F = Levels seen in this place.
 G = Mean time per level.
                   A        B        C        D        E       F      G
               +--------+--------+--------+--------+--------+-----+--------+
         Total |   1708 |   1687 |     21 |      0 |   1353 |   3 |  569.3 |
       Dungeon |   1708 |   1687 |     21 |      0 |   1353 |   3 |  569.3 |
               +--------+--------+--------+--------+--------+-----+--------+

Top non-repeatable levels by time:
     D:2: 819 daAuts
     D:1: 669 daAuts
     D:3: 220 daAuts
